Unix NetHack Version 5.0.0-0 post-release - last build May 23 2026 06:08:33 (1c0ff79ee797540d5714e4e18072db0edd9e58ae,branch:main).

Game began 2026-05-28 04:28:34, ended 2026-05-28 05:10:51.

7spoons, lawful female human Valkyrie

                        ---------------------------------
                        |...............................|
                        |.---------------......------...|
                        |.-!(*(|...|(((.-......|()(.|...|            ---------
                        |.|.?.*|...|((!.|......|.((.-...|            |.......|
                        |.|.!%?|...|(((.|......|(((.|...|          ##........|
                        |.--------|------..---------|...|          # |.......|
                        |.............{....|        |...-######    # ---------
                        |.@..--|----.......|        |...|     ##   #
                        |....|..|..|.......|        |...|      # ###
                        |.@..|..|..|......{|        |...|     ####
                        |....----|--.......-- ----- -...|     #  ##  ---------
                        |@..............................|         ###......<.|
                        |.-----|----....----+-- -----...|            |.......|
                        |@|..|..|  +....+           +...|            ........|
                        |@-f.|..|  |....|           |...|            |.......|
                        ---------  ------           -----            ........|
                                                                     ---------

7spoons the Fighter         St:18/01 Dx:12 Co:17 In:11 Wi:8 Ch:8  Lawful
Dlvl:8  $:101 HP:0(53) Pw:14(14) AC:2  Xp:6 T:3261 

Latest messages:
 It bites!
 It misses!
 You miss it.
 It bites!
 You hit it.
 It bites!
 It bites!
 It just misses!
 You kill it!
 It misses!
 Wait!  There's something there you can't see!
 It misses!
 You feel an unseen monster!
 It bites!
 It misses!
 It yowls!
 You hit it.
 It just misses!
 It bites!
 It misses!
 You kill it!
 You try to feel what is lying here on the floor.
 You feel here a giant ant corpse.
 You feel an unseen monster!
 You feel an unseen monster!
 You can see again.
 #
 #ch: unknown extended command.
 You stop.  Your large cat is in the way!
 The panther hits!
 The panther misses!
 The panther bites!
 You hit the panther!
 The panther hits!
 The panther hits again!
 The panther misses!
 You kill the panther!
 Your large cat eats a panther corpse.
 You hear an animal carcass being offered in sacrifice.
 You hear an animal carcass being offered in sacrifice.
 The Green-elf swings her elven broadsword.
 The Green-elf hits!
 The Green-elf swings her elven broadsword.
 The Green-elf hits!
 You die...
 Do you want your possessions identified? [ynq] (y)
 Do you want to see your attributes? [ynq] (y)
 Do you want an account of creatures vanquished? [ynaq] (y)
 Do you want to see your conduct and achievements? [ynq] (y)
 Do you want to see the dungeon overview? [ynq] (y)

Inventory:
 Coins    ('$')
  $ - 101 gold pieces
 Amulets  ('"')
  T - an uncursed amulet of strangulation
 Weapons  (')')
  X - 10 +4 crossbow bolts
  V - 12 +0 crossbow bolts
  W - a +0 crossbow
  Y - a +0 crossbow
  U - 6 blessed +0 darts
  H - a blessed +3 dagger
  x - 6 blessed +0 daggers (at the ready)
  b - 4 +0 daggers
  k - a +0 orcish dagger
  a - a +1 spear (weapon in right hand)
  L - a +0 dwarvish short sword
 Armor    ('[')
  M - an uncursed +0 dwarvish iron helm (being worn)
  E - an uncursed +0 pair of iron shoes
  N - an uncursed +0 pair of iron shoes (being worn)
  R - an uncursed +0 pair of iron shoes
  c - an uncursed +3 small shield (being worn)
  F - an uncursed +0 dwarvish cloak
  I - an uncursed +0 dwarvish cloak (being worn)
  S - a cursed +0 dwarvish cloak
 Comestibles  ('%')
  J - an uncursed food ration
 Scrolls  ('?')
  j - an uncursed scroll of confuse monster
  g - an uncursed scroll of genocide
  i - an uncursed scroll of identify
  G - an uncursed scroll of magic mapping
  z - a blessed scroll of remove curse
  o - an uncursed scroll of scare monster
  r - an uncursed scroll of teleportation
 Potions  ('!')
  B - an uncursed potion of levitation
  h - an uncursed potion of object detection
  O - a cursed potion of paralysis
  f - an uncursed potion of speed
 Rings    ('=')
  D - an uncursed ring of polymorph control
 Wands    ('/')
  y - a wand of polymorph (0:5)
 Tools    ('(')
  C - an uncursed leash
  Q - an uncursed pair of lenses
  e - an uncursed skeleton key
  w - an uncursed partly used tallow candle
  A - a cursed wax candle

7spoons the Valkyrie's attributes:

Background:
 You were a Fighter, a level 6 human Valkyrie.
 You were lawful, on a mission for Tyr
 who was opposed by Odin (neutral) and Loki (chaotic).
 You were right-handed.
 You were in the Gnomish Mines, on level 8.
 You entered the dungeon 3261 turns ago.
 It was nighttime.
 You had 575 experience points, 65 more were needed to attain level 7.

Basics:
 You had 0 out of 53 hit points.
 You had all 14 energy points (spell power).
 Your armor class was 2.
 Your wallet contained 101 zorkmids.
 Autopickup was off.

Final Characteristics:
 Your strength was 18/01 (limit:18/100).
 Your dexterity was 12 (limit:18).
 Your constitution was 17 (limit:18).
 Your intelligence was 11 (limit:18).
 Your wisdom was 8 (limit:18).
 Your charisma was 8 (limit:18).

Final Status:
 You weren't hungry.
 You were unencumbered.
 You were wielding a spear.
 You had basic skill with spear and could have enhanced that.

Final Attributes:
 You were piously aligned.
 Your items were somewhat protected from fire.
 You were cold resistant.
 Your items were somewhat protected from cold.
 You were stealthy.
 You were warded.
 You are dead.

Miscellaneous:
 You didn't encounter any bones levels.
 Total elapsed playing time was 42 minutes and 16 seconds.

Major events:
 Turn
    1: 7spoons the lawful human Valkyrie entered the dungeon
 1469: entered the Gnomish Mines
 1825: attained the rank of Skirmisher (level 3)
 2797: attained the rank of Fighter (level 6)
 2958: reached Mine Town
 3261: killed by a Green-elf

You didn't know any spells.

Skills:
 Fighting Skills
   bare handed combat [Unskilled]
   two weapon combat  [Unskilled]
   riding             [Unskilled]
 Weapon Skills
   dagger             [Basic]
   axe                [Unskilled]
   pick-axe           [Unskilled]
   short sword        [Unskilled]
   broadsword         [Unskilled]
   long sword         [Unskilled]
   two-handed sword   [Unskilled]
   saber              [Unskilled]
   hammer             [Unskilled]
   quarterstaff       [Unskilled]
   polearms           [Unskilled]
   spear              [Basic]
   trident            [Unskilled]
   lance              [Unskilled]
   sling              [Unskilled]
 Spellcasting Skills
   attack spells      [Unskilled]
   escape spells      [Unskilled]

Voluntary challenges:
 Character rerolling was not enabled.
 You were illiterate.
 You never genocided any monsters.
 You never polymorphed an object.
 You never changed form.
 You used no wishes.
Achievements:
 You entered the Gnomish Mines.
 You attained the rank of Skirmisher.
 You attained the rank of Fighter.
 You entered Minetown.
 You entered a shop.

 The Dungeons of Doom: levels 1 to 5
    Level 1:
    Level 2:
    Level 3:
       A sink.
    Level 4:
       An altar, a fountain.
       Stairs down to The Gnomish Mines.
    Level 5:
 The Gnomish Mines: levels 5 to 8
    Level 5:
    Level 6:
    Level 7:
    Level 8: <- You were here.
       Many shops, some fountains.
       Final resting place for
          you, killed by a Green-elf.


Vanquished creatures:
  a panther
  a gnome ruler
  a raven
  a rock piercer
  a fog cloud
  5 gnome leaders
  3 gnomish wizards
  a straw golem
  a giant ant
  6 dwarves
  a homunculus
  a giant bat
  a dwarf zombie
  2 iguanas
  2 coyotes
  a hobbit
  a large kobold
  a giant rat
  a brown mold
  a yellow mold
 30 gnomes
  5 geckos
 10 jackals
  a fox
  a kobold
  a goblin
  a sewer rat
  7 grid bugs
  a bat
  6 lichens
  2 newts
98 creatures vanquished.

No species were genocided or became extinct.

Game over:
                       ----------
                      /          \
                     /    REST    \
                    /      IN      \
                   /     PEACE      \
                  /                  \
                  |     7spoons      |
                  |      101 Au      |
                  |   killed by a    |
                  |    Green-elf     |
                  |                  |
                  |                  |
                  |       2026       |
                 *|     *  *  *      | *
        _________)/\\_//(\/(/\)/\//\/|_)_______

Farvel 7spoons the Valkyrie...

You died in The Gnomish Mines on dungeon level 8 with 2741 points,
and 101 pieces of gold, after 3261 moves.
You were level 6 with a maximum of 53 hit points when you died.

